 Dungeon Crawl Stone Soup version 0.20.1-1-g8b1a95d (webtiles) character file.

288 slep the Skirmisher (level 6, -1/48 HPs)
             Began as a Demonspawn Abyssal Knight on Oct 28, 2017.
             Was a Priest of Lugonu.
             Slain by a worker ant (4 damage)
             ... on level 3 of the Dungeon.
             The game lasted 00:13:30 (2882 turns).

slep the Skirmisher (Demonspawn Abyssal Knight)     Turns: 2882, Time: 00:13:31

Health: -1/48      AC:  4    Str: 13    XL:     6   Next: 9%
Magic:  8/8        EV: 12    Int: 13    God:    Lugonu [***...]
Gold:   217        SH:  0    Dex: 14    Spells: 5/5 levels left

rFire    . . .     SeeInvis .   u - +1 hand axe (chop)
rCold    . . .     Gourm    .   (no shield)
rNeg     . . .     Faith    .   b - +0 leather armour
rPois    .         Spirit   .   q - +0 helmet
rElec    .         Reflect  .   (no cloak)
rCorr    .         Harm     .   (no gloves)
MR       .....                  (no boots)
Stlth    +.........             (no amulet)
Regen    0.2/turn               (no ring)
MPRegen  0.2/turn               (no ring)

@: no status effects
A: claws 2, spiny 1
a: Depart the Abyss, Bend Space, Banish, Renounce Religion


You were on level 3 of the Dungeon.
You worshipped Lugonu.
Lugonu was most pleased with you.
You were not hungry.

You visited 1 branch of the dungeon, and saw 4 of its levels.
You visited the Abyss 1 time.

You collected 217 gold pieces.

Inventory:

Hand Weapons
 a - a +1 falchion
 u - a +1 hand axe of chopping (weapon)
Armour
 b - a +0 leather armour (worn)
 q - a +0 helmet (worn)
Scrolls
 d - 5 scrolls of teleportation {unknown}
 f - 4 scrolls of remove curse {unknown}
 g - 4 scrolls of identify {unknown}
 i - a scroll of blinking {unknown}
 j - a scroll of enchant armour {unknown}
 m - a scroll of immolation {unknown}
 n - a scroll of noise {unknown}
 o - a scroll of enchant weapon {unknown}
Potions
 e - a potion of might
 h - a potion of cancellation
 l - a potion of heal wounds {unknown}
 s - a potion of lignification {unknown}
Books
 t - a book of Necromancy

   Spells                             Type                      Level
   a - Pain                           Necromancy                   1
   b - Animate Skeleton               Necromancy                   1
   c - Vampiric Draining              Necromancy                   3
   d - Regeneration                   Charms/Necromancy            3
   e - Animate Dead                   Necromancy                   4
   f - Control Undead                 Necromancy                   4
Comestibles
 c - 6 bread rations
 p - 2 meat rations
 r - 6 chunks of flesh


   Skills:
 + Level 4.2 Fighting
 + Level 4.0 Long Blades
 + Level 0.6 Axes
 + Level 2.6 Armour
 + Level 1.7 Dodging
 + Level 1.0 Stealth
 + Level 2.7 Invocations


You had 5 spell levels left.
You didn't know any spells.

Dungeon Overview and Level Annotations

Branches:
Dungeon (4/15)
 Temple: D:4-7

Altars:
Zin


Innate Abilities, Weirdness & Mutations

You have very sharp fingernails.
You are partially covered in sharp spines.


Message History

You closely miss the orc. You hit the orc.
The worker ant is struck by your spines.
The worker ant bites you but does no damage.
The orc hits you with a falchion.
* * * LOW HITPOINT WARNING * * *
The orc is struck by your spines.
You kill the orc!
Lugonu accepts your kill.
The worker ant is struck by your spines.
The worker ant bites you.
* * * LOW HITPOINT WARNING * * *
It was a potion of cancellation.
You feel magically purged. The orc is struck by your spines.
You kill the orc!
Lugonu accepts your kill.
The worker ant is struck by your spines.
The worker ant barely misses you.
It was a potion of magic.
Magic courses through your body. The worker ant bites you.
You die...

#.#...#.#.# #.#..######.##.#.#
##.#.#.#.#.# #.#..#....#.##.#.#
.....>.#.#.# #.#..#.##.#.##.#.#
....####†#.# #.#..#.##.#.##.#.#
......>..#.# #.#..#.##.#.##.#.#
....######.# #.#..#.##.#.##.#.#
....# #.# #.#..#.##.#..#.#.#
....# #.# #.#÷)#....##.#.#.#
##### #.# #.#@)..........#.# #.#
#.##a#....##.###.#
##########.###.#..............#
.............#.######..##.#####
##########.#.#............#######
#........#.#...........#.......
###.########.#.......)#.##.######
........##...............#.#....#
.........#.#.#........#..#.#.##.#


You could see a worker ant.

Vanquished Creatures
  The ghost of antares the Changer, an amateur DrTm (D:3)
  An orc wizard (D:4)
  3 gnolls (D:3)
  4 adders
  An adder skeleton (D:4)
  3 worms (D:3)
  A dart slug (D:3)
  2 leopard geckos
  12 orcs
  5 giant cockroaches
  14 goblins
  6 hobgoblins
  6 jackals
  2 quokkas (D:3)
  2 ball pythons
  7 bats
  4 frilled lizards (D:1)
  2 kobolds
  13 rats
89 creatures vanquished.

Notes
Turn   | Place    | Note
-------+----------+-------------------------------------------
     0 | Abyss:1  | slep the Demonspawn Abyssal Knight began the quest for the Orb.
     0 | Abyss:1  | Reached XP level 1. HP: 18/18 MP: 2/2
    72 | Abyss:1  | Noticed a spatial maelstrom
    75 | Abyss:1  | Noticed a spatial vortex
    78 | D:1      | Escaped the Abyss
   135 | D:1      | Reached * piety under Lugonu
   240 | D:1      | Gained mutation: You are partially covered in sharp spines. [demonic ancestry]
   240 | D:1      | Reached XP level 2. HP: 23/24 MP: 3/3
   249 | D:1      | Reached skill level 1 in Dodging
   991 | D:2      | Reached XP level 3. HP: 30/30 MP: 5/5
  1028 | D:2      | Reached ** piety under Lugonu
  1179 | D:2      | Found a glowing silver altar of Zin.
  1288 | D:2      | Gained mutation: You have sharp fingernails. [demonic ancestry]
  1288 | D:2      | Reached XP level 4. HP: 16/37 MP: 6/6
  1909 | D:3      | Reached *** piety under Lugonu
  2151 | D:3      | Noticed antares's ghost (amateur DrTm)
  2168 | D:3      | Killed antares's ghost
  2168 | D:3      | Gained mutation: You have very sharp fingernails. [demonic ancestry]
  2168 | D:3      | Reached XP level 5. HP: 5/42 MP: 7/7
  2826 | D:4      | Reached skill level 1 in Stealth
  2826 | D:4      | Reached XP level 6. HP: 22/48 MP: 8/8
  2882 | D:3      | Slain by a worker ant

Skill      XL: |  1  2  3  4  5  6 |
---------------+-------------------+-----
Dodging        | 1 |  1.7
Long Blades    | 2 3 4 |  4.0
Armour         | 2 |  2.6
Fighting       | 4 |  4.2
Stealth        | 1 |  1.0
Axes           | |  0.6
Invocations    | |  2.7

Action                   |  1- 3 |  4- 6 || total
-------------------------+-------+-------++-------
Melee: Falchion          |    71 |    40 ||   111
       Hand axe          |       |    57 ||    57
Invok: Depart the Abyss  |     1 |       ||     1
  Use: Potion            |       |     3 ||     3
 Stab: Sleeping          |     1 |       ||     1
  Eat: Chunk             |     1 |     5 ||     6
Armor: Leather armour    |    26 |    19 ||    45
Dodge: Dodged            |    50 |    43 ||    93
       Rpst.: Falchion   |    15 |     8 ||    23
